 Dungeon Crawl Stone Soup version 0.30.0-29-ga12c61a403 (webtiles) character file.

Game seed: 8725468087398056772

2162 Cheops the Conjurer (level 9, -2/66 HPs)
             Began as an Armataur Earth Elementalist on June 22, 2023.
             Was a Follower of Uskayaw.
             Succumbed to Duvessa's poison
             ... on level 7 of the Dungeon on June 23, 2023.
             The game lasted 00:16:09 (9179 turns).

Cheops the Conjurer (Armataur Earth Elementalist)   Turns: 9179, Time: 00:16:10

Health: -2/66      AC:  8    Str: 14    XL:     9   Next: 10%
Magic:  3/18       EV:  9    Int: 20    God:    Uskayaw [*.....]
Gold:   302        SH:  0    Dex: 10    Spells: 6/20 levels left

rFire   . . .        a - +2 dagger (venom)
rCold   . . .        (no shield)
rNeg    . . .        B - +0 robe
rPois   .            (no helmet)
rElec   .            (no cloak)
rCorr   .            (no gloves)
SInv    .            (no barding)
Will    .....        o - amulet of faith
Stlth   ++           n - ring of wizardry
HPRegen 0.31/turn    x - +4 ring of protection
MPRegen 0.16/turn

%: roll, faith, wizardry (x1)
@: lethally poisoned (-2 -> -23), about to teleport
A: large, rugged brown scales 3, deformed body, armoured tail, roll, long
tongue, awkward tongue
a: Renounce Religion, Stomp


You were on level 7 of the Dungeon.
You worshipped Uskayaw.
Uskayaw was noncommittal.
You visited 2 branches of the dungeon, and saw 8 of its levels.

You collected 302 gold pieces.

Inventory:

Hand Weapons
 a - a +2 dagger of venom (weapon)
 c - a +0 dagger
Armour
 B - a +0 robe (worn)
Magical Staves
 f - a staff of air
Jewellery
 n - a ring of wizardry (left hand)
 o - an amulet of faith (around neck)
 v - an amulet of the acrobat
 x - a +4 ring of protection (right hand)
Wands
 q - a wand of polymorph (8)
 w - a wand of charming (8)
Scrolls
 d - a scroll of brand weapon {unknown}
 e - 2 scrolls of immolation {unknown}
 g - a scroll of teleportation
 h - a scroll of identify
 j - a scroll of blinking {unknown}
 k - a scroll of noise {unknown}
 p - a scroll of enchant armour {unknown}
 s - a scroll of fear {unknown}
 u - a scroll of enchant weapon {unknown}
 y - a scroll of amnesia {unknown}
 z - 2 scrolls of magic mapping {unknown}
 A - a scroll of fog {unknown}
 C - a scroll of summoning {unknown}
 F - a scroll of poison {unknown}
Potions
 b - 2 potions of magic
 l - 3 potions of might {unknown}
 m - 2 potions of cancellation {unknown}
 r - 2 potions of flight
 t - a potion of mutation
 D - a potion of ambrosia
 E - 4 potions of heal wounds
 G - a potion of attraction


   Skills:
 * Level 1.2 Short Blades
 - Level 1.3 Dodging
 * Level 2.5 Stealth
 - Level 6.0 Spellcasting
 - Level 7.0 Conjurations
 - Level 2.4 Summonings
 - Level 0.8 Transmutations
 - Level 5.1 Earth Magic


You had 6 spell levels left.
You knew the following spells:

 Your Spells              Type           Power      Damage    Failure   Level
a - Sandblast             Erth           52%        2d12      1%          1
b - Stone Arrow           Conj/Erth      60%        3d10      1%          3
p - Petrify               Tmut/Erth      17%        N/A       12%         4
A - Animate Armour        Summ/Erth      42%        N/A       9%          4
P - Passwall              Tmut/Erth      14%        N/A       1%          2

Your spell library contained the following spells:

 Spells                   Type           Power      Damage    Failure   Level
 Momentum Strike          Conj/Tloc      40%        3d9       1%          2
 Hailstorm                Conj/Ice       20%        3d6       3%          3
 Freeze                   Ice            24%        1d4       4%          1
 Blink                    Tloc           12%        N/A       6%          2
 Lesser Beckoning         Tloc           12%        N/A       6%          2
 Frozen Ramparts          Ice            12%        1d2       12%         3
 Teleport Other           Tloc           6%         N/A       12%         3
 Summon Ice Beast         Ice/Summ       10%        N/A       26%         4
 Passage of Golubria      Tloc           6%         N/A       38%         4
 Summon Mana Viper        Hex/Summ       10%        N/A       54%         5
 Monstrous Menagerie      Summ           7%         N/A       100%        7
 Lehudib's Crystal Spear  Conj/Erth      15%        10d5      100%        8
 Chain Lightning          Conj/Air       10%        3d13      100%        9


Dungeon Overview and Level Annotations

Branches:
Dungeon (7/15)             Temple (1/1) D:7

Altars:
Ashenzari
Cheibriados
Elyvilon
Fedhas
Gozag
Hepliaklqana
Kikubaaqudgha
Makhleb
Nemelex Xobeh
Okawaru
Ru
Sif Muna
Trog
Uskayaw
Vehumet
Wu Jian
Xom
Yredelemnul
Zin
The Shining One
Ignis

Annotations:
D:3 2 transporters, turdburglar's ghost, amateur VSEn
D:7 Duvessa


Innate Abilities, Weirdness & Mutations

You are completely covered in rugged brown scales. (AC +3, +7% HP)
Armour fits poorly on your strangely shaped body.
You have a long armoured tail.
You roll when moving toward enemies. (Rampage)
Your long tongue fully drains potion bottles. (2x potion effects)
Your tongue gives you trouble enunciating. (1.5x scroll delay)


Message History

You feel very sick. Duvessa misses you.
Casting: Stone Arrow (safe; 1% risk of failure)
Confirm with . or Enter, or press ? or * to list all spells.
Aiming: Stone Arrow (safe; 1% risk of failure)
Press: ? - help, Shift-Dir - straight line, f/p - Duvessa
Aim: Duvessa, wielding a +0 short sword of venom, wearing a +0 leather armour, wearing a ring of positive energy and quivering stones (lightly wounded, berserk, fast, ally target, 77% to hit)
The stone arrow hits Duvessa!!
Duvessa is heavily wounded.
You feel very sick. Duvessa hits you but does no damage.
Duvessa hits you with a +0 short sword of venom!
* * * LOW HITPOINT WARNING * * *
Casting: Stone Arrow (safe; 1% risk of failure)
Confirm with . or Enter, or press ? or * to list all spells.
Aiming: Stone Arrow (safe; 1% risk of failure)
Press: ? - help, Shift-Dir - straight line, f/p - Duvessa
Aim: Duvessa, wielding a +0 short sword of venom, wearing a +0 leather armour, wearing a ring of positive energy and quivering stones (heavily wounded, berserk, fast, ally target, 77% to hit)
The stone arrow misses Duvessa.
You feel sick. Duvessa barely misses you.
Casting: Stone Arrow (safe; 1% risk of failure)
Confirm with . or Enter, or press ? or * to list all spells.
Aiming: Stone Arrow (safe; 1% risk of failure)
Press: ? - help, Shift-Dir - straight line, f/p - Duvessa
Aim: Duvessa, wielding a +0 short sword of venom, wearing a +0 leather armour, wearing a ring of positive energy and quivering stones (heavily wounded, berserk, fast, ally target, 77% to hit)
The stone arrow misses Duvessa.
You feel sick.
Duvessa hits you with a +0 short sword of venom!
* * * LOW HITPOINT WARNING * * *
You are more poisoned.
Duvessa hits you with a +0 short sword of venom!
* * * LOW HITPOINT WARNING * * *
As you slowly read the scroll of teleportation, it crumbles to dust.
You feel strangely unstable.
* * * LOW HITPOINT WARNING * * *
You feel extremely sick. Duvessa hits you but does no damage.
You are more poisoned.
Duvessa barely misses you.
Your animated robe hits Duvessa but does no damage.
Your animated robe hits Duvessa.
You die...

###...## ##......##
#........###
##..........## # ####
#............## #..
##..##
#.............##..#
##....##
#...............#
#......##
#.............###
##.......##
#...@[.....).##
#.........#
##....e....#.##
..........##
##.......##.)#
.....).....#
###...#####.#
>..........# #...###
#.##
..........####..####
#..#
.........###..#....###
##.#
.........##..........##
#.##
........#)y#..........#
##.#####


You could see Duvessa (berserk, fast, distracted, ally target) and a friendly
animated robe (summoned).

Vanquished Creatures
  2 water moccasins
  An ice beast (D:5)
  An orc warrior (D:6)
  2 centaurs
  A phantom (D:6)
  A bullfrog (D:6)
  A gnoll sergeant (D:7)
  5 scorpions
  3 killer bees (D:7)
  A howler monkey (D:7)
  5 orc priests
  A hound (D:7)
  A sleepcap (D:6)
  Jessica (D:3)
  3 iguanas
  Natasha (thrice) (D:3)
  6 orc wizards
  11 gnolls
  9 adders
  3 shadow imps
  A white imp (D:7)
  A worm (D:2)
  3 dart slugs
  26 orcs
  4 endoplasms
  A giant cockroach (D:1)
  4 hobgoblins
  11 jackals
  A quokka (D:5)
  14 ball pythons
  4 bats
  2 frilled lizards (D:1)
  6 goblins
  3 kobolds
  4 rats
146 creatures vanquished.

Vanquished Creatures (collateral kills)
  Dowan (D:7)
  An orc wizard (D:7)
2 creatures vanquished.

Grand Total: 148 creatures vanquished

Notes
Turn   | Place    | Note
-------+----------+-------------------------------------------
     0 | D:1      | Cheops the Armataur Earth Elementalist began the quest for
                  | the Orb.
     0 | D:1      | Reached XP level 1. HP: 14/14 MP: 3/3
   130 | D:1      | Reached XP level 2. HP: 21/21 MP: 0/5
   468 | D:1      | Reached XP level 3. HP: 27/27 MP: 2/6
   471 | D:1      | Learned a level 2 spell: Passwall
   475 | D:1      | Learned a level 3 spell: Stone Arrow
  2255 | D:3      | Reached XP level 4. HP: 35/35 MP: 4/7
  2420 | D:3      | Noticed Natasha
  2431 | D:3      | Killed Natasha
  2614 | D:3      | Noticed Jessica
  2618 | D:3      | Found a hazy altar of Hepliaklqana.
  2619 | D:3      | Killed Jessica
  2620 | D:3      | Found a faded altar of an unknown god.
  2664 | D:3      | Reached XP level 5. HP: 40/40 MP: 7/9
  2707 | D:3      | Found a transporter.
  2708 | D:3      | Noticed turdburglar's ghost (amateur VSEn)
  2708 | D:3      | Noticed an ogre
  2709 | D:3      | Found a transporter.
  2749 | D:3      | Noticed Natasha
  2751 | D:3      | Killed Natasha
  2837 | D:3      | Noticed Natasha
  2844 | D:3      | Killed Natasha
  3237 | D:3      | Found a transporter.
  3365 | D:3      | Found a transporter.
  3522 | D:3      | Found a hazy altar of Hepliaklqana.
  3523 | D:3      | Found a faded altar of an unknown god.
  3950 | D:4      | Reached skill level 5 in Earth Magic
  3962 | D:4      | Learned a level 4 spell: Petrify
  4183 | D:4      | Reached skill level 1 in Conjurations
  4183 | D:4      | Reached XP level 6. HP: 33/48 MP: 4/11
  4680 | D:5      | Entered Level 5 of the Dungeon
  4798 | D:5      | Noticed an ice beast
  4810 | D:5      | Killed an ice beast
  4811 | D:5      | Reached skill level 2 in Conjurations
  5008 | D:5      | Reached skill level 3 in Conjurations
  5008 | D:5      | Reached XP level 7. HP: 53/53 MP: 2/13
  5373 | D:5      | Got Mogimus's Dissertation on Quantum Electricity
  5948 | D:5      | Reached skill level 4 in Conjurations
  6778 | D:6      | Reached skill level 5 in Conjurations
  6805 | D:6      | Reached XP level 8. HP: 60/60 MP: 1/15
  6981 | D:6      | Reached skill level 5 in Spellcasting
  7156 | D:6      | Reached skill level 6 in Conjurations
  7648 | D:6      | Found an iron altar of Okawaru.
  7648 | D:6      | Found a bloodstained altar of Trog.
  7650 | D:6      | Found an ornate altar of the Wu Jian Council.
  7738 | D:6      | Found a snail-covered altar of Cheibriados.
  7739 | D:6      | Found a radiant altar of Vehumet.
  7740 | D:6      | Found an opulent altar of Gozag.
  7741 | D:6      | Found a shimmering altar of Xom.
  8278 | D:7      | Learned a level 4 spell: Animate Armour
  8310 | D:7      | Reached skill level 7 in Conjurations
  8327 | D:7      | HP: 3/60 [gnoll/+2 flail of protection[a gnoll sergeant]
                  | (8)]
  8635 | D:7      | Reached skill level 1 in Summonings
  8743 | D:7      | Found a staircase to the Ecumenical Temple.
  8744 | D:7      | Reached XP level 9. HP: 9/66 MP: 0/17
  8746 | Temple   | Entered the Ecumenical Temple
  8988 | Temple   | Became a worshipper of Uskayaw the Reveller
  9013 | D:7      | Reached * piety under Uskayaw
  9022 | D:7      | Reached ** piety under Uskayaw
  9148 | D:7      | Noticed Dowan
  9148 | D:7      | Noticed Duvessa
  9155 | D:7      | Killed Dowan
  9156 | D:7      | Reached skill level 1 in Short Blades
  9178 | D:7      | HP: 3/66 [poisoned by Duvessa]
  9179 | D:7      | Succumbed to Duvessa's poison

Illustrated notes

Levels and vault maps discovered:
D:1:      lemuel_arrival_cross, layout_rooms
D:2:      layout_basic
D:3:      layout_loops_ring, beargit_hepliaklqana_dungeon_heroes,
          gammafunk_ghost_smash, uniq_natasha
D:4:      layout_basic
D:5:      layout_loops_corners, guppyfry_early_lair_pool
D:6:      layout_basic, grunt_temple_overflow_open,
          minmay_misc_feat_secret_circle
D:7:      layout_cave_pods, nicolae_qazlal_scattered_showers,
          minmay_temple_entry_hall, uniq_prince_ribbit1, uniq_duvessa
Temple:   pdpol_scorched_temple

Skill      XL: |  1  2  3  4  5  6  7  8  9 |
---------------+----------------------------+-----
Spellcasting   | 2 3 4 5 6 |  6.0
Earth Magic    | 3 4 5 |  5.1
Conjurations   | 1 3 5 7 |  7.0
Summonings     | 2 |  2.4
Short Blades   | 1 |  1.2
Dodging        | |  1.3
Stealth        | |  2.5
Transmutations | |  0.8

Action                     |  1- 3 |  4- 6 |  7- 9 || total
---------------------------+-------+-------+-------++-------
  Melee: Unarmed           |    15 |       |       ||    15
         Tailslap          |     2 |       |     3 ||     5
         Dagger            |     9 |     6 |    35 ||    50
         Punch             |       |       |     1 ||     1
   Cast: Sandblast         |    61 |    84 |    72 ||   217
         Stone Arrow       |       |     6 |    58 ||    64
         Passwall          |       |       |     3 ||     3
         Petrify           |       |       |     4 ||     4
         Animate Armour    |       |       |     1 ||     1
  Evoke: Wand              |       |       |     1 ||     1
    Use: Scroll            |       |       |     9 ||     9
         Potion            |       |       |     3 ||     3
   Stab: Petrified         |       |       |     8 ||     8
 Armour: Robe              |    17 |    17 |    62 ||    96
  Dodge: Dodged            |    24 |    27 |    61 ||   112
